TOP OF THE 1ST |
Maryland Terrapins batting - Pitching for Nebraska Cornhuskers : RHP Bob Curtis
|
Pitching: RHP Bob Curtis
|
|
Batting: SHB Philippe Paquin
|
0-0: Ball 1-0: Called Strike 1-1: Ball 2-1: Foul Ball, location: 2F 2-2: Foul Ball, location: 2F 2-2: Ball 3-2: Fly out, F7 (Line Drive, 7)
|
Batting: LHB Winston Roberts
|
0-0: Swinging Strike 0-1: SINGLE (Groundball, 34D)
|
Batting: RHB Jeff O'Day
|
0-0: Ball 1-0: Called Strike 1-1: Foul Ball, location: 2F 1-2: Ball Winston Roberts steals 2nd base 2-2: Ground out 6-3 (Groundball, 6)
|
Batting: RHB Kris Brown
|
0-0: Ball 1-0: Ball 2-0: Ball 3-0: Called Strike 3-1: Called Strike 3-2: Strikes out swinging
|
Top of the 1st over - 0 runs, 1 hit, 0 errors, 1 left on base; Maryland 0 - Nebraska 0 |
BOTTOM OF THE 1ST |
Nebraska Cornhuskers batting - Pitching for Maryland Terrapins : RHP Jeremiah Clark
|
Pitching: RHP Jeremiah Clark
|
|
Batting: SHB Carl Rivers
|
0-0: Ball 1-0: Ball 2-0: Ball 3-0: Base on Balls
|
Batting: RHB Jeremy Davidson
|
0-0: Swinging Strike 0-1: Ball 1-1: Ball 2-1: Ball 3-1: Fly out, F7 (Flyball, 78XD)
|
Batting: RHB John Carr
|
0-0: Ball 1-0: Called Strike 1-1: Ball 2-1: Ball 3-1: Swinging Strike 3-2: Foul Ball, location: 2F 3-2: Base on Balls Carl Rivers to second
|
Batting: RHB Cliff Long
|
0-0: Called Strike 0-1: Ball 1-1: Ball 2-1: Foul Ball, location: 2F 2-2: DOUBLE (Flyball, 89D) Carl Rivers scores John Carr to third
|
Batting: LHB Scott Perkins
|
0-0: Ball 1-0: Ball 2-0: Ball 3-0: Base on Balls
|
Batting: RHB Jeff Belcher
|
0-0: SINGLE (Groundball, 4MD) John Carr scores Cliff Long to third Scott Perkins to second Runner from 3rd tries for Home, SAFE, no throw
|
Batting: RHB David Howard
|
0-0: Foul Ball, location: 2F 0-1: Ball 1-1: Ball 2-1: Foul Ball, location: 2F 2-2: Fielders Choice at 2nd, 3-6 (Groundball, 34) Scott Perkins to third
|
Batting: RHB Dave Rodgers
|
0-0: Swinging Strike 0-1: Foul Ball, location: 2F 0-2: Ball 1-2: Ball 2-2: Ball 3-2: Foul Ball, location: 2F 3-2: Strikes out looking
|
Bottom of the 1st over - 3 runs, 2 hits, 0 errors, 2 left on base; Maryland 0 - Nebraska 3 |
TOP OF THE 2ND |
Maryland Terrapins batting - Pitching for Nebraska Cornhuskers : RHP Bob Curtis
|
Batting: RHB José Lazu
|
0-0: Ball 1-0: Fly out, F8 (Line Drive, 8LM)
|
Batting: LHB Juan Suárez
|
0-0: Ball 1-0: Called Strike 1-1: Ball 2-1: SOLO HOME RUN (Flyball, 78XD), Distance : 370 ft
|
Batting: RHB Mike Weeks
|
0-0: Foul Ball, location: 2F 0-1: Ground out 6-3 (Groundball, 6)
|
Batting: RHB Les McCarty
|
0-0: Ball 1-0: Called Strike 1-1: SINGLE (Line Drive, 7LS)
|
Batting: RHB Ben Barnes
|
0-0: Ball 1-0: Foul Ball, location: 2F 1-1: Foul Ball, location: 2F 1-2: Strikes out looking
|
Top of the 2nd over - 1 run, 2 hits, 0 errors, 1 left on base; Maryland 1 - Nebraska 3 |
BOTTOM OF THE 2ND |
Nebraska Cornhuskers batting - Pitching for Maryland Terrapins : RHP Jeremiah Clark
|
Batting: SHB Conner Whitney
|
0-0: Called Strike 0-1: Swinging Strike 0-2: Foul Ball, location: 2F 0-2: Ball 1-2: Ball 2-2: Strikes out looking
|
Batting: SHB Carl Rivers
|
0-0: Ground out 1-3 (Groundball, 15S)
|
Batting: RHB Jeremy Davidson
|
0-0: Ground out 6-3 (Groundball, 6)
|
Bottom of the 2nd over - 0 runs, 0 hits, 0 errors, 0 left on base; Maryland 1 - Nebraska 3 |
TOP OF THE 3RD |
Maryland Terrapins batting - Pitching for Nebraska Cornhuskers : RHP Bob Curtis
|
Batting: SHB Philippe Paquin
|
0-0: Called Strike 0-1: Ball 1-1: Fly out, F3 (Line Drive, 3L)
|
Batting: LHB Winston Roberts
|
0-0: Foul Ball, location: 2F 0-1: Reached on error, E4 (Groundball, 4M)
|
Batting: RHB Jeff O'Day
|
0-0: Foul Ball, location: 2F 0-1: Swinging Strike 0-2: Ball Winston Roberts is caught stealing 2nd base 1-2: Strikes out looking
|
Top of the 3rd over - 0 runs, 0 hits, 1 error, 0 left on base; Maryland 1 - Nebraska 3 |
BOTTOM OF THE 3RD |
Nebraska Cornhuskers batting - Pitching for Maryland Terrapins : RHP Jeremiah Clark
|
Batting: RHB John Carr
|
0-0: Called Strike 0-1: Ball 1-1: Swinging Strike 1-2: Ball 2-2: Foul Ball, location: 2F 2-2: Ball 3-2: Base on Balls
|
Batting: RHB Cliff Long
|
0-0: Ball 1-0: Ball Wild Pitch! John Carr to second 2-0: Called Strike 2-1: Foul Ball, location: 2F 2-2: Strikes out swinging
|
Batting: LHB Scott Perkins
|
0-0: Ball 1-0: Ball 2-0: Ball 3-0: Base on Balls
|
Batting: RHB Jeff Belcher
|
0-0: Ball 1-0: Foul Ball, location: 2F 1-1: Foul Ball, location: 2F Balk! John Carr to third Scott Perkins to second 1-2: Ball 2-2: Strikes out looking
|
Batting: RHB David Howard
|
0-0: Ball 1-0: Ball 2-0: Ball 3-0: Called Strike 3-1: Called Strike 3-2: Foul Ball, location: 2F 3-2: Foul Ball, location: 2F 3-2: Foul Ball, location: 2F 3-2: Fly out, F4 (Popup, 4)
|
Bottom of the 3rd over - 0 runs, 0 hits, 0 errors, 2 left on base; Maryland 1 - Nebraska 3 |
TOP OF THE 4TH |
Maryland Terrapins batting - Pitching for Nebraska Cornhuskers : RHP Bob Curtis
|
Batting: RHB Kris Brown
|
0-0: Called Strike 0-1: Foul Ball, location: 2F 0-2: Strikes out looking
|
Batting: RHB José Lazu
|
0-0: Foul Ball, location: 2F 0-1: Fly out, F6 (Popup, P)
|
Batting: LHB Juan Suárez
|
0-0: Fly out, F8 (Flyball, 8RD)
|
Top of the 4th over - 0 runs, 0 hits, 0 errors, 0 left on base; Maryland 1 - Nebraska 3 |
BOTTOM OF THE 4TH |
Nebraska Cornhuskers batting - Pitching for Maryland Terrapins : RHP Jeremiah Clark
|
Batting: RHB Dave Rodgers
|
0-0: Fly out, F9 (Flyball, 9S)
|
Batting: SHB Conner Whitney
|
0-0: Ball 1-0: Ball 2-0: Foul Ball, location: 2F 2-1: Foul Ball, location: 2F 2-2: Ball 3-2: Ground out 6-3 (Groundball, 6)
|
Batting: SHB Carl Rivers
|
0-0: Foul Ball, location: 2F 0-1: Called Strike 0-2: Ball 1-2: Strikes out swinging
|
Bottom of the 4th over - 0 runs, 0 hits, 0 errors, 0 left on base; Maryland 1 - Nebraska 3 |
TOP OF THE 5TH |
Maryland Terrapins batting - Pitching for Nebraska Cornhuskers : RHP Bob Curtis
|
Batting: RHB Mike Weeks
|
0-0: Ball 1-0: SINGLE (Groundball, 56) (infield hit)
|
Batting: RHB Les McCarty
|
0-0: SINGLE (Line Drive, 78S) Mike Weeks to second
|
Batting: RHB Ben Barnes
|
0-0: Called Strike Mike Weeks steals 3rd base 0-1: Ball 1-1: Foul Ball, location: 2F 1-2: Foul Ball, location: 2F 1-2: Foul Ball, location: 2F 1-2: Ball 2-2: Ball 3-2: Foul Ball, location: 2F 3-2: Foul Ball, location: 2F 3-2: Base on Balls Les McCarty to second
|
Batting: SHB Philippe Paquin
|
0-0: Called Strike 0-1: SINGLE (Line Drive, 4D) Mike Weeks scores Les McCarty to third Ben Barnes to second Runner from 3rd tries for Home, throw and OUT!
|
Batting: LHB Winston Roberts
|
0-0: Foul Ball, location: 2F 0-1: Ball 1-1: Ball 2-1: Called Strike 2-2: Fly out, F4 (Line Drive, 34D)
|
Batting: RHB Jeff O'Day
|
0-0: Ball 1-0: 3-RUN HOME RUN (Flyball, 7D), Distance : 346 ft
|
Batting: RHB Kris Brown
|
0-0: Foul Ball, location: 2F 0-1: Ball 1-1: Foul Ball, location: 2F 1-2: Ground out 4-3 (Groundball, 4M)
|
Top of the 5th over - 4 runs, 4 hits, 0 errors, 0 left on base; Maryland 5 - Nebraska 3 |
BOTTOM OF THE 5TH |
Nebraska Cornhuskers batting - Pitching for Maryland Terrapins : RHP Jeremiah Clark
|
Pitching: RHP Nicholas Wright
|
|
Batting: RHB Jeremy Davidson
|
0-0: Foul Ball, location: 2F 0-1: Ball 1-1: Ball 2-1: Swinging Strike 2-2: Foul Ball, location: 2F 2-2: Strikes out swinging
|
Batting: RHB John Carr
|
0-0: Called Strike 0-1: Swinging Strike 0-2: Ball 1-2: Foul Ball, location: 2F 1-2: SINGLE (Groundball, 6MD)
|
Batting: RHB Cliff Long
|
0-0: Called Strike 0-1: Ball 1-1: Ball 2-1: SINGLE (Groundball, 4MD) John Carr to second Runner from 2nd tries for 3rd, SAFE, no throw
|
Batting: LHB Scott Perkins
|
0-0: Ball 1-0: Swinging Strike 1-1: Called Strike 1-2: Strikes out looking
|
Batting: RHB Jeff Belcher
|
0-0: Foul Ball, location: 2F 0-1: Ball 1-1: Ball 2-1: Fly out, F7 (Line Drive, 78D)
|
Bottom of the 5th over - 0 runs, 2 hits, 0 errors, 2 left on base; Maryland 5 - Nebraska 3 |
TOP OF THE 6TH |
Maryland Terrapins batting - Pitching for Nebraska Cornhuskers : RHP Bob Curtis
|
Pitching: RHP Terry King
|
|
Batting: RHB José Lazu
|
0-0: Swinging Strike 0-1: Ball 1-1: SINGLE (Line Drive, 34D)
|
Batting: LHB Juan Suárez
|
0-0: Ball 1-0: SINGLE (Line Drive, 89M) José Lazu to second Runner from 2nd tries for 3rd, SAFE, no throw
|
Batting: RHB Mike Weeks
|
0-0: Swinging Strike 0-1: Swinging Strike 0-2: Ball 1-2: Strikes out looking Juan Suárez steals 2nd base Batter strikes out.
|
Batting: RHB Les McCarty
|
0-0: Ball 1-0: Foul Ball, location: 2F 1-1: Foul Ball, location: 2F 1-2: Strikes out looking
|
Batting: RHB Ben Barnes
|
0-0: Ball 1-0: Foul Ball, location: 2F 1-1: Ball 2-1: Ball 3-1: Base on Balls
|
Batting: SHB Philippe Paquin
|
0-0: Foul Ball, location: 2F 0-1: Hit by Pitch José Lazu scores Juan Suárez to third Ben Barnes to second
|
Batting: LHB Winston Roberts
|
0-0: Ground out 4-3 (Groundball, 4)
|
Top of the 6th over - 1 run, 2 hits, 0 errors, 3 left on base; Maryland 6 - Nebraska 3 |
BOTTOM OF THE 6TH |
Nebraska Cornhuskers batting - Pitching for Maryland Terrapins : RHP Nicholas Wright
|
Batting: RHB David Howard
|
0-0: Called Strike 0-1: Ball 1-1: Swinging Strike 1-2: Ball 2-2: Foul Ball, location: 2F 2-2: Strikes out looking
|
Batting: RHB Dave Rodgers
|
0-0: Ground out 4-3 (Groundball, 4)
|
Batting: SHB Conner Whitney
|
0-0: Foul Ball, location: 2F 0-1: Ball 1-1: Called Strike 1-2: Ball 2-2: Strikes out swinging
|
Bottom of the 6th over - 0 runs, 0 hits, 0 errors, 0 left on base; Maryland 6 - Nebraska 3 |
TOP OF THE 7TH |
Maryland Terrapins batting - Pitching for Nebraska Cornhuskers : RHP Terry King
|
Batting: RHB Jeff O'Day
|
0-0: Ball 1-0: Swinging Strike 1-1: Ball 2-1: Swinging Strike 2-2: Strikes out swinging
|
Batting: RHB Kris Brown
|
0-0: Ball 1-0: Foul Ball, location: 2F 1-1: Ball 2-1: SINGLE (Line Drive, 4D)
|
Batting: RHB José Lazu
|
0-0: Called Strike 0-1: Fly out, F9 (Flyball, 9S)
|
Pitching: LHP José Vázquez
|
|
Batting: LHB Juan Suárez
|
0-0: Ball 1-0: DOUBLE (Line Drive, 8LD) Kris Brown to third
|
Pitching: RHP Henry Lockyer
|
|
Batting: RHB Mike Weeks
|
0-0: Called Strike 0-1: Swinging Strike 0-2: Strikes out swinging
|
Top of the 7th over - 0 runs, 2 hits, 0 errors, 2 left on base; Maryland 6 - Nebraska 3 |
BOTTOM OF THE 7TH |
Nebraska Cornhuskers batting - Pitching for Maryland Terrapins : RHP Nicholas Wright
|
Batting: SHB Carl Rivers
|
0-0: Ball 1-0: Swinging Strike 1-1: Swinging Strike 1-2: Foul Ball, location: 2F 1-2: Strikes out looking
|
Batting: RHB Jeremy Davidson
|
0-0: Ball 1-0: Called Strike 1-1: Foul Ball, location: 2F 1-2: Foul Ball, location: 2F 1-2: Strikes out swinging
|
Batting: RHB John Carr
|
0-0: Ball 1-0: Ball 2-0: DOUBLE (Flyball, 78D)
|
Batting: RHB Cliff Long
|
0-0: Ball 1-0: Called Strike 1-1: Ball 2-1: Ground out U3 (Groundball, 34S)
|
Bottom of the 7th over - 0 runs, 1 hit, 0 errors, 1 left on base; Maryland 6 - Nebraska 3 |
TOP OF THE 8TH |
Maryland Terrapins batting - Pitching for Nebraska Cornhuskers : RHP Henry Lockyer
|
Batting: RHB Les McCarty
|
0-0: Fly out, F8 (Line Drive, 8LM)
|
Batting: RHB Ben Barnes
|
0-0: Ball 1-0: Ball 2-0: Ball 3-0: Called Strike 3-1: Base on Balls
|
Batting: SHB Philippe Paquin
|
0-0: Ball 1-0: Ball 2-0: Called Strike 2-1: Swinging Strike 2-2: 2-RUN HOME RUN (Flyball, 9D), Distance : 369 ft
|
Batting: LHB Winston Roberts
|
0-0: Ball 1-0: Foul Ball, location: 2F 1-1: Foul Ball, location: 2F 1-2: Ground out 4-3 (Groundball, 4)
|
Batting: RHB Jeff O'Day
|
0-0: Ball 1-0: Ground out 1-3 (Groundball, 13)
|
Top of the 8th over - 2 runs, 1 hit, 0 errors, 0 left on base; Maryland 8 - Nebraska 3 |
BOTTOM OF THE 8TH |
Nebraska Cornhuskers batting - Pitching for Maryland Terrapins : RHP Nicholas Wright
|
Now at SS: Michael Wilson
|
|
Batting: LHB Scott Perkins
|
0-0: Foul Ball, location: 2F 0-1: Foul Ball, location: 2F 0-2: Ball 1-2: Foul Ball, location: 2F 1-2: Fly out, F9 (Flyball, 89D)
|
Batting: RHB Jeff Belcher
|
0-0: Called Strike 0-1: Foul Ball, location: 2F 0-2: Foul Ball, location: 2F 0-2: Ball 1-2: Ball 2-2: Ground out 5-3 (Groundball, 56S)
|
Batting: RHB David Howard
|
0-0: Ball 1-0: Ground out 1-3 (Groundball, 15S)
|
Bottom of the 8th over - 0 runs, 0 hits, 0 errors, 0 left on base; Maryland 8 - Nebraska 3 |
TOP OF THE 9TH |
Maryland Terrapins batting - Pitching for Nebraska Cornhuskers : RHP Henry Lockyer
|
Pitching: RHP Carl Edwards
|
|
Batting: RHB Kris Brown
|
0-0: Called Strike 0-1: Fly out, F9 (Flyball, 9LM)
|
Batting: RHB José Lazu
|
0-0: SINGLE (Groundball, 6MD)
|
Batting: LHB Juan Suárez
|
0-0: Swinging Strike 0-1: Foul Ball, location: 2F 0-2: Foul Ball, location: 2F 0-2: Ball 1-2: Ball 2-2: Foul Ball, location: 2F 2-2: Ball 3-2: Foul Ball, location: 2F 3-2: Foul Ball, location: 2F 3-2: Base on Balls José Lazu to second
|
Batting: RHB Mike Weeks
|
0-0: Fly out, F9 (Line Drive, 9)
|
Batting: RHB Les McCarty
|
0-0: Ball 1-0: Ball 2-0: Ball 3-0: Called Strike 3-1: Ground out 5-3 (Groundball, 56S)
|
Top of the 9th over - 0 runs, 1 hit, 0 errors, 2 left on base; Maryland 8 - Nebraska 3 |
BOTTOM OF THE 9TH |
Nebraska Cornhuskers batting - Pitching for Maryland Terrapins : RHP Nicholas Wright
|
Batting: RHB Dave Rodgers
|
0-0: Ball 1-0: Ball 2-0: SINGLE (Groundball, 6D)
|
Pitching: RHP Ernesto Mendoza
|
|
Batting: SHB Conner Whitney
|
0-0: Foul Ball, location: 2F 0-1: Swinging Strike 0-2: Ball 1-2: Strikes out swinging
|
Batting: SHB Carl Rivers
|
0-0: Ball 1-0: Ball 2-0: Fly out, F8 (Flyball, 8LS)
|
Batting: RHB Jeremy Davidson
|
0-0: 2-RUN HOME RUN (Line Drive, 7LD), Distance : 335 ft
|
Batting: RHB John Carr
|
0-0: Ball 1-0: Fly out, F9 (Flyball, 9D)
|
Bottom of the 9th over - 2 runs, 2 hits, 0 errors, 0 left on base; Maryland 8 - Nebraska 5 |
|